 Dungeon Crawl Stone Soup version 0.19.1 (webtiles) character file.

2193 Iskender the Covert (level 9, -1/56 HPs)
             Began as an Octopode Chaos Knight on Dec 20, 2016.
             Slain by a sky beast (6 damage)
             ... on level 9 of the Dungeon.
             The game lasted 00:53:31 (8583 turns).

Iskender the Covert (Octopode Chaos Knight)         Turns: 8583, Time: 00:53:33

Health: -1/56      AC:  1    Str: 11    XL:     9   Next: 33%
Magic:  9/9        EV: 14    Int: 15    God:    Xom [...*..]
Gold:   325        SH:  0    Dex: 14    Spells: 0 memorised, 8 levels left

rFire  . . .     SeeInvis +     G - -3 trident (curse)
rCold  . . .     Gourm    +     (no shield)
rNeg   . . .     Faith    .     (helmet restricted)
rPois  .         Spirit   .     z - amulet of the gourmand
rElec  .         Reflect  .     n - ring of see invisible
rCorr  .         Harm     .     (no ring)
MR     .....                    (no ring)
Stlth  +++++.....               (no ring)
                                (no ring)
                                (no ring)
                                (no ring)
                                (no ring)

@: drained
A: almost no armour, stealthy swim, amphibious, 8 rings, constrict 8, camouflage
1, gelatinous body 1
a: Renounce Religion


You were on level 9 of the Dungeon.
You worshipped Xom.
You were a favourite toy of Xom.
You were completely stuffed.

You visited 1 branch of the dungeon, and saw 9 of its levels.

You collected 361 gold pieces.
You spent 36 gold pieces at shops.

Inventory:

Hand Weapons
 a - a +0 spear of chaos
 b - a +2 hunting sling of freezing
 s - a cursed +0 trident
 t - a +0 bardiche
 C - a +0 trident
 F - a +2 quarterstaff of chaos
 G - a cursed -3 trident (weapon)
Missiles
 g - 51 sling bullets
 h - 257 stones (quivered)
 p - 5 poisoned needles
Magical Staves
 w - an uncursed staff of wizardry
Jewellery
 n - a ring of see invisible (left tentacle)
 z - an amulet of the gourmand (around mantle)
Wands
 A - a wand of confusion (11/48)
 J - a wand of lightning (7/15)
Scrolls
 c - 2 scrolls of enchant weapon
 e - a scroll of immolation
 i - 2 scrolls of fog
 l - a scroll of teleportation {unknown}
 o - a scroll of amnesia
 E - a scroll of identify
 H - a scroll of magic mapping {unknown}
Potions
 f - a potion of berserk rage
 j - 3 potions of flight
 k - 2 potions of magic
 m - a potion of agility
 q - a potion of resistance {unknown}
 u - 5 potions of heal wounds
 v - a potion of invisibility {unknown}
 x - 2 potions of curing {unknown}
 D - a potion of degeneration {unknown}
Comestibles
 d - 9 beef jerkies
 r - 4 meat rations
 y - 5 bread rations
 I - a chunk of flesh


   Skills:
 - Level 3.0(2.5) Fighting
 - Level 4.0(3.6) Polearms
 - Level 9.3(8.8) Slings
 + Level 3.4(2.9) Dodging
 - Level 9.3(8.7) Stealth


You had 8 spell levels left.
You didn't know any spells.

Dungeon Overview and Level Annotations

Branches:
Dungeon (9/15)             Temple (0/1) D:7
   Lair: D:8-11         Orc: D:9-12

Altars:
Elyvilon
Uskayaw
Xom
Yredelemnul
Zin
The Shining One

Shops:
D:8 *

Annotations:
D:6 1 runed door
D:7 exclusion: ugly thing, Menkaure
D:8 cure mut


Innate Abilities, Weirdness & Mutations

You cannot wear most types of armour.
You are very stealthy in the water. (Stealth+)
You are amphibious.
You can wear up to eight rings at the same time.
You can use your tentacles to constrict eight enemies at once.
Your skin changes colour to match your surroundings (Stealth+).
Your rubbery body absorbs attacks. (AC +1, EV +1)


Message History

The sky beast hits you but does no damage.
You hit the sky beast but do no damage.
The sky beast is moderately wounded.
The sky beast hits you. The sky beast shocks you.
You barely miss the sky beast.
The sky beast is moderately wounded.
The sky beast hits you. The sky beast shocks you.
You hit the sky beast.
The sky beast is heavily wounded.
The sky beast hits you.
* * * LOW HITPOINT WARNING * * *
The sky beast shocks you.
* * * LOW HITPOINT WARNING * * *
You puncture the sky beast! Your squeeze misses the sky beast.
The sky beast is almost dead.
The sky beast hits you.
* * * LOW HITPOINT WARNING * * *
The sky beast shocks you.
You die... "It was about time."

... #. #. ...###. #.
....(.. .. .......## ..
.....[.(###############.
.......(#..<.#........+.
.......(#....#........#.
.......Y'....#....<...#÷
.......@#############'#.
...................†....
#....##.)..........#....
..... #.....#....?.#....
.... #.....#......#....
........................
### ####################


You could see a sky beast (invisible).

Vanquished Creatures
  5 ogres
  A water moccasin (D:7)
  An ice beast (D:6)
  A phantom (D:6)
  A centaur (D:7)
  2 bullfrogs
  3 scorpions
  4 wights (D:8)
  3 crimson imps
  2 centaur zombies
  A bullfrog zombie (D:7)
  2 hounds
  2 jellies
  An orc priest (D:3)
  Crazy Yiuf (D:2)
  An orc wizard (D:4)
  3 iguanas
  2 worker ants
  2 hound zombies (D:7)
  A worker ant zombie (D:6)
  14 adders
  2 shadow imps
  2 oozes
  An adder skeleton (D:4)
  A worm (D:3)
  2 dart slugs
  2 leopard geckos (D:6)
  14 orcs
  3 bats
  7 giant cockroaches
  5 goblins
  6 hobgoblins
  9 jackals
  3 kobolds
  A quokka (D:3)
  3 ball pythons
  3 frilled lizards
  8 rats
  3 plants (D:8)
128 creatures vanquished.

Vanquished Creatures (collateral kills)
  An ice beast (D:6)
  A bullfrog (D:6)
  A crimson imp (D:6)
  An orc wizard (D:6)
4 creatures vanquished.

Grand Total: 132 creatures vanquished

Notes
Turn   | Place    | Note
-------+----------+-------------------------------------------
     0 | D:1      | Iskender the Octopode Chaos Knight began the quest for the Orb.
     0 | D:1      | Reached XP level 1. HP: 16/16 MP: 1/1
   147 | D:1      | Reached skill level 1 in Stealth
   205 | D:1      | XOM: smoke on damage
   298 | D:1      | Reached XP level 2. HP: 21/21 MP: 2/2
   367 | D:1      | XOM: scenery: create altars
   528 | D:1      | XOM: silly message
   941 | D:2      | XOM: 3-stop teleportation journey
  1117 | D:2      | Reached XP level 3. HP: 26/26 MP: 3/3
  1248 | D:2      | XOM: mild Divn miscast
  1619 | D:2      | Found a runed door.
  1623 | D:2      | Noticed Crazy Yiuf
  1837 | D:3      | Reached skill level 5 in Stealth
  1837 | D:3      | Reached XP level 4. HP: 31/31 MP: 4/4
  2006 | D:3      | XOM: noise
  2334 | D:3      | Reached XP level 5. HP: 36/36 MP: 5/5
  2389 | D:3      | XOM: cloud trail
  2460 | D:3      | XOM: 3-stop teleportation journey
  2495 | D:3      | XOM: noise
  2649 | D:3      | XOM: divination: detect items
  2991 | D:4      | XOM: harmless Pois miscast
  3295 | D:4      | XOM: mild Air miscast
  3360 | D:4      | XOM: cloud trail
  3532 | D:4      | XOM: silly message
  3663 | D:5      | Entered Level 5 of the Dungeon
  3666 | D:5      | Found a basalt altar of Yredelemnul.
  3678 | D:5      | XOM: smoke on damage
  3686 | D:5      | Reached skill level 1 in Slings
  3686 | D:5      | Reached XP level 6. HP: 22/42 MP: 6/6
  3905 | D:5      | XOM: silly message
  4048 | D:5      | XOM: noise
  4161 | D:5      | Found a white marble altar of Elyvilon.
  4234 | D:6      | XOM: harmless Air miscast
  4373 | D:6      | Noticed an orc warrior
  4472 | D:6      | XOM: mild Air miscast
  4654 | D:6      | XOM: summons 3 friendly demons
  4675 | D:6      | Reached XP level 7. HP: 46/46 MP: 7/7
  4965 | D:2      | Killed Crazy Yiuf
  5137 | D:6      | XOM: enchant monster (good)
  5137 | D:6      | Reached skill level 5 in Slings
  5174 | D:6      | XOM: summons friendly iron imp
  5195 | D:6      | Killed an ogre
  5206 | D:6      | XOM: confuse monster(s)
  5380 | D:6      | Reached XP level 8. HP: 52/52 MP: 8/8
  5431 | D:6      | Found a glowing silver altar of Zin.
  5431 | D:6      | Noticed an angel
  5432 | D:6      | Found a runed door.
  5545 | D:6      | XOM: silly message
  5699 | D:6      | Found a hide-covered altar of Uskayaw.
  5903 | D:7      | Noticed a white ugly thing
  6175 | D:7      | Found a glowing golden altar of the Shining One.
  6416 | D:7      | Found a staircase to the Ecumenical Temple.
  6793 | D:7      | XOM: cast spell 'Cause Fear'
  6845 | D:7      | XOM: harmless Summ miscast
  6953 | D:7      | XOM: potion effect (agility)
  6963 | D:7      | Reached XP level 9. HP: 21/56 MP: 9/9
  7014 | D:7      | Noticed Menkaure
  7304 | D:8      | Found Fiyrhes's Changing Room.
  7320 | D:8      | Bought a potion of lignification for 36 gold pieces
  7716 | D:8      | XOM: divination: magic mapping
  7872 | D:8      | XOM: confusion
  8583 | D:9      | Slain by a sky beast

Skill      XL: |  1  2  3  4  5  6  7  8  9 |
---------------+----------------------------+-----
Stealth        | 2 3 5 6 9 |  9.3
Polearms       | 4 |  4.0
Slings         | 1 4 6 8 9 |  9.3
Dodging        | 3 |  3.4
Fighting       | |  3.0

Action                   |  1- 3 |  4- 6 |  7- 9 || total
-------------------------+-------+-------+-------++-------
Melee: Spear             |    62 |   126 |   166 ||   354
       Constrict         |    12 |    21 |    22 ||    55
       Tentacles         |     8 |    17 |    31 ||    56
       Trident           |       |       |    50 ||    50
 Fire: Hunting sling     |       |    46 |   132 ||   178
Throw: Stone             |     5 |     3 |    18 ||    26
       Throwing net      |       |       |     1 ||     1
Evoke: Wand              |       |       |     7 ||     7
  Use: Potion            |     2 |     1 |     3 ||     6
       Scroll            |       |     8 |     6 ||    14
 Stab: Sleeping          |    16 |    10 |     3 ||    29
       Confused          |       |     2 |     1 ||     3
       Petrifying        |       |       |     3 ||     3
       Paralysed         |       |       |     1 ||     1
       Petrified         |       |       |     2 ||     2
  Eat: Chunk             |     3 |    17 |    11 ||    31
       Fruit             |       |     2 |       ||     2
       Pizza             |       |       |     1 ||     1
Armor: Skin              |     2 |     4 |    31 ||    37
Dodge: Dodged            |    16 |    39 |    61 ||   116
